 Dungeon Crawl Stone Soup version 0.20.0-15-g7f486f2 (webtiles) character file.

651071 fili the Conqueror (level 27, -5/326 (327) HPs)
             Began as a Minotaur Berserker on June 20, 2017.
             Was a High Priest of Trog.
             Succumbed to a green draconian's poison gas
             ... on level 4 of the Realm of Zot on June 27, 2017.
             The game lasted 11:18:19 (87844 turns).

fili the Conqueror (Minotaur Berserker)            Turns: 87844, Time: 11:18:19

HP:   -5/326 (327)  AC: 41    Str: 36    XL:     27
MP:   30/30         EV: 23    Int: 14    God:    Trog [*****.]
Gold: 3039          SH: 22    Dex: 12    Spells: 26/26 levels left

rFire    + + +     SeeInvis +   J - +9 demon whip (flame)
rCold    . . .     Gourm    .   Q - +2 shield {rN+}
rNeg     + . .     Faith    .   s - +14 plate armour "Ypecweag" {-Cast rElec rF+++ rC-}
rPois    .         Spirit   .   r - +0 hat {Int+3}
rElec    +         Reflect  +   z - scarf {repulsion}
rCorr    .         Harm     .   a - +0 pair of gloves {archery}
MR       ++++.     NoCast   +   N - +1 pair of boots
Stlth    ..........             n - +4 amulet of reflection
Regen    1.7/turn               p - +5 ring of protection
MPRegen  0.3/turn               v - ring of Secrets {rC+ Str+3 Int+7 SInv}

@: lethally poisoned (-5 -> -61), berserk cooldown, regenerating, slowed,
studying Evocations, repel missiles, very slow
A: retaliatory headbutt, horns 2, blink, deformed body, robust 2
}: 3/15 runes: decaying, silver, gossamer
a: Blink, Berserk, Trog's Hand, Brothers in Arms, Burn Spellbooks, Renounce
Religion


You were on level 4 of the Realm of Zot.
You worshipped Trog.
Trog was extremely pleased with you.
You were not hungry.

You visited 12 branches of the dungeon, and saw 52 of its levels.
You also visited: Trove and Ossuary.

You collected 8267 gold pieces.
You spent 5228 gold pieces at shops.

Inventory:

Hand Weapons
 J - a +9 demon whip of flaming (weapon)
Armour
 a - a +0 pair of gloves of archery (worn)
 m - +7 gold dragon scales
 r - a +0 hat of intelligence (worn)
 s - the +14 plate armour "Ypecweag" (worn) {-Cast rElec rF+++ rC-}
   (You bought it in a shop on level 4 of the Depths)

   It renders you almost immune to fire.
   It makes you vulnerable to cold.
   It insulates you from electricity.
   It prevents spellcasting.
 z - a scarf of repulsion (worn)
 N - a +1 pair of boots (worn)
 Q - a +2 shield of positive energy (worn)
Jewellery
 n - a +4 amulet of reflection (around neck)
 p - a +5 ring of protection (left hand)
 v - the ring of Secrets (right hand) {rC+ Str+3 Int+7 SInv}
   (You bought it in a shop on level 1 of the Depths)

   [ring of protection from cold]

   It affects your strength (+3).
   It affects your intelligence (+7).
   It protects you from cold.
   It lets you see invisible.
Wands
 d - a wand of digging (3/24)
 y - a wand of clouds (7/9)
 I - a wand of paralysis (13/24)
 U - a wand of lightning (7/15)
Scrolls
 e - 22 scrolls of remove curse
 f - 4 scrolls of summoning
 g - 6 scrolls of silence
 h - 7 scrolls of blinking
 i - 8 scrolls of fog
 j - 11 scrolls of immolation
 k - 5 scrolls of magic mapping
 l - 29 scrolls of identify
 w - 11 scrolls of fear
 x - 16 scrolls of teleportation
 F - 12 scrolls of recharging
 X - 5 scrolls of holy word
Potions
 b - a potion of invisibility
 q - 2 potions of resistance
 t - 9 potions of brilliance
 u - 6 potions of heal wounds
 G - 2 potions of might
 L - 7 potions of agility
 P - 3 potions of haste
 T - 5 potions of curing
 Z - 4 potions of flight
Books
 A - a manual of Evocations
 W - a book of the Warp

   Spells                             Type                      Level
   a - Gell's Gravitas                Translocation                3
   b - Portal Projectile              Hexes/Translocation          3
   c - Force Lance                    Conjuration/Translocation    4
   d - Dispersal                      Translocation                6
   e - Controlled Blink               Translocation                8
   f - Disjunction                    Translocation                8
   Trog disapproves of the use of such an item.
Miscellaneous
 o - a lamp of fire
 B - 3 boxes of beasts
 C - 2 phantom mirrors
 E - a fan of gales
 H - a lamp of fire
 K - a lightning rod (4/4)
 M - a phial of floods
 V - 4 sacks of spiders
 Y - a lamp of fire
Comestibles
 c - 24 bread rations
 O - 20 meat rations


   Skills:
 O Level 27 Fighting
 - Level 20.0 Maces & Flails
 O Level 27 Armour
 O Level 27 Dodging
 - Level 18.0 Shields
 + Level 11.6 Evocations


You had 26 spell levels left.
You didn't know any spells.

Dungeon Overview and Level Annotations

Branches:
Dungeon (15/15)            Temple (0/1) D:5            Lair (6/6) D:11
  Swamp (4/4) Lair:4       Spider (4/4) Lair:2        Slime (1/5) Lair:6
    Orc (2/2) D:10            Elf (2/3) Orc:2        Vaults (5/5) D:13
  Crypt (2/3) Vaults:3     Depths (5/5) D:15           Hell (1/1)
    Zot (5/5) Depths:5
    Dis: Hell:1         Geh: Hell:1         Coc: Hell:1         Tar: Hell:1

Altars:
Ashenzari
Elyvilon
Gozag
Kikubaaqudgha
Nemelex Xobeh
Qazlal
Trog
Xom
Yredelemnul
Beogh
Jiyva

Shops:
D:11 !   Orc:2 [:*?   Vaults:2 ?   Vaults:3 =   Depths:1 }}=   Depths:4 [

Portals:
Hell: Depths:1 Depths:2 Depths:3 Depths:4 Depths:5
Abyss: Depths:1 Depths:4
Pandemonium: Depths:2 Depths:3
Ziggurat: Depths:1

Annotations:
D:5 Sigmund
D:10 exclusion: obsidian statue
D:14 exclusion: Roxanne, Roxanne
Lair:6 exclusion: oklob plant
Orc:1 exclusion: oklob plant
Zot:4 exclusion: 3 lightning spires


Innate Abilities, Weirdness & Mutations

You reflexively headbutt those who attack you in melee.
You have a pair of horns on your head.
You can translocate small distances at will.
Armour fits poorly on your strangely shaped body.
You are very robust. (+20% HP)


Message History

There is a stone staircase leading up here.
You feel your anger subside.
You are no longer berserk.
Trog's vigour flows through your veins.
You are exhausted.
You feel yourself slow down.
* * * LOW HITPOINT WARNING * * *
You feel very sick.
The purple draconian rages.
You block the green draconian's attack. The green draconian closely misses you.
The deathcap draws from the surrounding life force!
* * * LOW HITPOINT WARNING * * *
The deathcap draws from the surrounding life force!
* * * LOW HITPOINT WARNING * * *
You climb upwards.
The deathcap disappears in a puff of smoke! x2
The wandering mushroom disappears in a puff of smoke! x3
Level annotation: exclusion: 2 lightning spires Marking area around the lightning spire as unsafe for travelling.
A lightning spire comes into view.
You die...

§§#§§###.....)...#≈#...
§§#≈≈#...........#≈#... ####
§§§§≈........)...#≈#... ##..#
§§§#§≈#...........#≈####
#...####§#≈§#≈≈##########≈≈≈≈≈
#[...###≈≈≈≈≈≈≈≈≈≈≈≈≈≈≈≈≈≈≈≈≈≈
##.....######≈≈###############
#.....#.....d....... .
###...#.....@...>... .
##....#.....z....... .
#....##.8...8...8...
##....#............. #
##...############### # ##....#
##.....# # ##.....####
##......# # ##....###..#
#.......# #
#..<..#..#####.......# #


You could see a green draconian (berserk), a curse toe and 3 lightning spires.

Vanquished Creatures
  An orb of fire (Zot:1)
  Mennas (Crypt:2)
  3 juggernauts
  A large abomination (Vaults:5)
  Margery (Depths:5)
  Xtahua (Depths:4)
  A curse toe (Zot:2)
  Geryon (Hell)
  10 golden dragons
  the Enchantress (Depths:4)
  2 bone dragons
  5 electric golems
  Jorgrun (Vaults:4)
  12 tentacled monstrosities
  Rupert (Lair:6)
  An Orb Guardian (Zot:5)
  A deep elf blademaster (Elf:2)
  2 liches
  6 titans (Vaults:5)
  9 quicksilver dragons
  6 death cobs
  2 ancient champions
  5 sphinxes
  14 shadow dragons
  2 tengu reavers
  Kirke (Spider:1)
  9 draconian monks
  A revenant (Crypt:2)
  17 storm dragons
  3 thorn hunters
  Donald (Orc:2)
  5 draconian knights
  10 fire giants
  24 vault wardens
  4 deep elf sorcerers
  17 frost giants
  An orc warlord (Orc:1)
  5 ghost moths
  8 draconian scorchers
  5 draconian stormcallers
  22 ironheart preservers
  2 balrugs
  4 emperor scorpions
  A deep elf elementalist (Depths:3)
  3 ghouls
  5 draconian shifters
  2 caustic shrike zombies (Crypt:1)
  A reaper (Crypt:2)
  3 war gargoyles
  8 draconian annihilators
  5 spriggan defenders
  A caustic shrike skeleton (Depths:2)
  3 deep elf demonologists
  18 very ugly things
  3 entropy weavers (Spider:3)
  A juggernaut skeleton (Depths:2)
  29 stone giants
  10 vampire knights
  3 deep elf annihilators
  5 green draconians
  16 black draconians
  6 red draconians
  5 purple draconians
  9 yellow draconians
  10 white draconians
  2 eidola (Crypt:2)
  5 spark wasps
  A merfolk javelineer (Depths:3)
  23 ettins
  3 deep elf death magi
  7 jiangshi
  A death ooze (Slime:1)
  12 fire dragons
  Fannar (Lair:3)
  A fire dragon (shapeshifter) (Depths:5)
  17 yaktaur captains
  2 deep elf high priests
  15 hydras
  14 great orbs of eyes
  Erolcha (D:13)
  2 quicksilver dragon skeletons
  44 vault guards
  3 catoblepae
  7 rakshasas
  40 two-headed ogres
  10 spriggan air magi
  19 ice dragons
  12 centaur warriors
  4 ghost crabs
  An anaconda (Lair:4)
  7 alligators
  11 ogre magi
  The ghost of feelmyfire the Thaumaturge, a journeyman DEFE of Vehumet (D:11)
  5 death knights
  13 deep troll shamans
  21 dancing weapons
  5 tengu warriors
  6 death yaks
  7 death scarabs (Spider:4)
  Urug (D:10)
  9 spriggan berserkers
  6 vampire magi
  3 deep troll earth magi
  2 shock serpents (Zot:4)
  3 orc high priests (Orc:2)
  2 titan skeletons (Crypt:2)
  2 soul eaters (Hell)
  20 deep elf knights
  Sonja (D:13)
  2 sun demons
  16 spriggans
  9 hell knights
  Nergalle (Lair:1)
  5 iron trolls
  A spectral emperor scorpion (Spider:4)
  8 sixfirhies
  40 skeletal warriors
  3 storm dragon skeletons (Crypt:2)
  A golden dragon zombie (Depths:3)
  A death drake (Swamp:4)
  3 flayed ghosts
  3 unseen horrors
  3 glowing orange brains
  6 shadow wraiths
  7 deep elf archers
  A ghost moth zombie (Crypt:2)
  5 wizards
  7 swamp dragons
  47 deep trolls
  A gelid demonspawn (Depths:2)
  A spriggan druid (Swamp:3)
  2 spectral hydras (Swamp:4)
  16 ironbrand convokers
  12 necromancers
  16 phantasmal warriors
  5 golden dragon skeletons
  4 shambling mangroves
  The ghost of Terandir the Chopper, a novice MiFi (D:5)
  A lindwurm (Lair:6)
  3 harpies (Vaults:4)
  14 orc knights
  An anaconda skeleton (Crypt:1)
  6 spectral wolf spiders (Spider:4)
  18 wolf spiders
  A tengu skeleton (Vaults:3)
  A wolf spider zombie (D:15)
  7 orc sorcerers
  A sphinx zombie (Depths:3)
  59 ugly things
  3 shadow dragon skeletons
  3 wolf spiders (shapeshifter)
  6 cyclopes
  20 orb spiders
  58 deep elf magi
  A shining eye (Slime:1)
  2 manticores
  A sphinx skeleton (Depths:3)
  A salamander (shapeshifter) (Depths:2)
  A cyclops (shapeshifter) (Vaults:1)
  35 moths of wrath
  An iron dragon skeleton (Crypt:2)
  5 frost giant skeletons
  A salamander (Depths:4)
  17 vault sentinels
  14 elephants (Lair:6)
  Maurice (Orc:2)
  5 centaur zombies
  3 fire giant skeletons
  2 stone giant skeletons (Crypt:2)
  7 black mambas
  A black mamba (shapeshifter) (Vaults:5)
  A rust devil (Depths:2)
  An alligator snapping turtle zombie (Crypt:1)
  3 torpor snails
  23 spiny frogs
  4 gargoyles
  A storm dragon simulacrum (Vaults:3)
  An ice statue (Swamp:3)
  A green draconian zombie (Crypt:2)
  55 yaktaurs
  6 swamp worm zombies (Swamp:4)
  2 rime drakes
  2 spectral redbacks (Spider:4)
  2 redback zombies (Spider:4)
  4 kobold demonologists
  16 komodo dragons
  2 dire elephant skeletons (Crypt:2)
  22 freezing wraiths
  4 hydra zombies (Swamp:4)
  14 demonic crawlers
  A golden dragon simulacrum (Depths:3)
  4 queen bees (shapeshifter)
  A red devil (Depths:2)
  A green draconian skeleton (Crypt:2)
  A merfolk (shapeshifter) (Depths:4)
  5 spectral tarantellas (Spider:4)
  3 tengu conjurers
  2 spectral jumping spiders (Spider:4)
  2 polar bears (shapeshifter) (D:13)
  14 trolls
  2 harpy skeletons (Crypt:2)
  27 hornets
  2 hydra skeletons (Crypt:2)
  2 raiju
  A raiju (shapeshifter) (D:15)
  A wind drake (shapeshifter) (Depths:2)
  32 jumping spiders
  10 hippogriffs
  2 tarantella zombies (Spider:4)
  34 blink frogs
  29 slime creatures
  Grinder (D:4)
  2 tyrant leeches (Swamp:4)
  A meliai zombie (D:14)
  3 alligator zombies (Swamp:4)
  22 bog bodies
  A dream sheep (shapeshifter) (Vaults:1)
  An ettin zombie (Vaults:3)
  2 spectral swamp dragons (Swamp:4)
  9 dream sheep
  A fire dragon zombie (Crypt:1)
  A spriggan (shapeshifter) (Vaults:2)
  98 redbacks
  10 flying skulls (Crypt:2)
  2 centaur simulacra (D:14)
  A redback (shapeshifter) (Depths:2)
  A fire elemental (Hell)
  6 shadows
  An ice dragon skeleton (Depths:1)
  37 tarantellas
  5 air elementals
  An alligator skeleton (Crypt:1)
  31 yaks
  10 wraiths
  2 basilisks (shapeshifter)
  6 wyverns
  8 water elementals
  3 golden eyes (Slime:1)
  Grum (D:8)
  3 hungry ghosts
  3 hogs (Spider:1)
  3 basilisks
  A steam dragon (shapeshifter) (Depths:5)
  Menkaure (D:4)
  17 vampire mosquitoes
  7 insubstantial wisps
  2 soldier ants
  6 wargs
  21 swamp worms
  2 acid dragons
  2 soldier ants (shapeshifter)
  A swamp worm (shapeshifter) (Depths:4)
  2 floating eyes
  2 human skeletons
  2 merfolk skeletons
  21 water moccasins
  The ghost of asdu the Sneak, an amateur SpEn of Dithmenos (D:6)
  10 porcupines
  3 swamp dragon zombies (Swamp:4)
  3 swamp drakes
  39 orc warriors
  An ice beast (D:10)
  10 sky beasts
  An ice beast (shapeshifter) (Vaults:3)
  A hornet zombie (D:11)
  25 ogres
  3 black bears
  8 necrophages
  8 boggarts
  4 eyes of draining
  22 wolves
  13 centaurs
  7 phantoms
  2 rime drake zombies (Crypt:2)
  A snapping turtle skeleton (Crypt:2)
  15 crocodiles
  An elf zombie (Crypt:1)
  5 big kobolds
  2 glowing shapeshifter simulacra (Vaults:3)
  24 bullfrogs
  5 earth elementals
  2 wyvern zombies
  A wyvern skeleton (D:9)
  A cyclops skeleton (Crypt:2)
  4 killer bees
  4 scorpions
  20 wights
  7 howler monkeys
  2 electric eels
  2 crimson imps (D:9)
  A bullfrog zombie (D:11)
  5 jellies
  2 quasits
  5 hounds
  5 centaur skeletons
  A gnoll shaman (D:10)
  18 orc priests
  26 orc wizards
  3 bullfrog skeletons
  4 iguanas
  A spectral swamp drake (Swamp:4)
  A black bear skeleton (Crypt:1)
  13 worker ants
  A porcupine skeleton (Crypt:2)
  A naga skeleton (Crypt:2)
  A dwarf skeleton (Crypt:2)
  A hound skeleton (D:6)
  5 mummies (Ossuary)
  2 worker ant zombies
  3 swamp drake zombies (Swamp:4)
  8 gnolls
  15 adders
  8 shadow imps
  3 oozes
  A worm zombie (D:6)
  3 adder skeletons
  5 worms
  2 dart slugs (D:5)
  2 leopard geckos
  115 orcs
  A ball python (D:3)
  A bat zombie (Crypt:2)
  6 giant cockroaches
  7 goblins
  5 hobgoblins
  13 jackals
  26 kobolds
  8 quokkas
  A ball python skeleton (Crypt:2)
  3 bats
  5 frilled lizards
  A hobgoblin skeleton (Crypt:1)
  A hobgoblin zombie (Ossuary)
  A kobold skeleton (Crypt:1)
  A leopard gecko zombie (D:6)
  3 rats
  A briar patch (Swamp:2)
  2 crawling corpses (Vaults:5)
2582 creatures vanquished.

Vanquished Creatures (collateral kills)
  Mara (Depths:2)
  A caustic shrike (Depths:3)
  Saint Roka (Elf:2)
  A frost giant (Depths:4)
  A deep elf sorcerer (Elf:1)
  A vault warden (Vaults:5)
  A draconian stormcaller (Zot:2)
  An emperor scorpion (Spider:4)
  An ironheart preserver (Vaults:1)
  An entropy weaver (Spider:4)
  A green draconian (Zot:1)
  A dire elephant (Lair:6)
  A deep elf demonologist (Elf:1)
  A yellow draconian (Zot:2)
  An ettin (Vaults:3)
  2 yaktaur captains
  An alligator (Swamp:3)
  3 two-headed ogres (Vaults:1)
  A deep troll earth mage (Vaults:5)
  A death scarab (Spider:4)
  2 ogre magi (Vaults:1)
  A death yak (Lair:6)
  A shock serpent (Depths:2)
  A sixfirhy (Depths:2)
  A swamp dragon (Swamp:3)
  4 ironbrand convokers
  2 deep trolls (Vaults:2)
  2 orc knights (Orc:2)
  A phantasmal warrior (Vaults:5)
  3 deep elf magi
  An ugly thing (Vaults:3)
  An orb spider (Spider:4)
  An orc sorcerer (Orc:2)
  3 slime creatures
  A cyclops (Vaults:1)
  2 elephants (Lair:6)
  A spiny frog (Swamp:3)
  A rime drake (Lair:6)
  A yaktaur (Vaults:4)
  A freezing wraith (Vaults:1)
  2 jumping spiders (Spider:4)
  A hornet (Swamp:3)
  3 raiju (Depths:2)
  A blink frog (Lair:6)
  A yak (Lair:6)
  8 redbacks (Spider:4)
  A water moccasin (Lair:6)
  2 orc warriors
  4 ogres
  A boggart (Elf:1)
  6 wolves
84 creatures vanquished.

Vanquished Creatures (others)
  A death cob (Zot:4)
  A draconian monk (Zot:4)
  2 storm dragons (Zot:4)
  A draconian shifter (Zot:4)
  A draconian annihilator (Zot:4)
  A black draconian (Zot:4)
  A white draconian (Zot:4)
  2 yellow draconians (Zot:4)
  A yaktaur captain (Vaults:5)
  A shock serpent (Zot:4)
  A spriggan druid (Swamp:3)
  A moth of wrath (Zot:5)
  2 yaktaurs (Vaults:4)
  A hornet (Swamp:3)
  A bog body (Swamp:3)
  A slime creature (Swamp:1)
  2 swamp worms (Swamp:4)
  2 insubstantial wisps (Swamp:3)
  An ogre (Vaults:2)
  2 boggarts (Vaults:3)
  5 ball lightnings (Zot:4)
  2 orcs
  4 briar patches
  2 bushes
  25 fungi
  26 plants
90 creatures vanquished.

Grand Total: 2756 creatures vanquished

Notes
Turn   | Place    | Note
-------+----------+-------------------------------------------
     0 | D:1      | fili the Minotaur Berserker began the quest for the Orb.
     0 | D:1      | Reached XP level 1. HP: 19/19 MP: 0/0
   347 | D:1      | Reached XP level 2. HP: 25/27 MP: 1/1
  1094 | D:2      | Reached XP level 3. HP: 34/34 MP: 2/2
  1849 | D:3      | Reached XP level 4. HP: 41/41 MP: 3/3
  1873 | D:3      | Reached skill level 5 in Fighting
  1895 | D:3      | Reached ** piety under Trog
  1895 | D:3      | Reached skill level 5 in Maces & Flails
  1929 | D:3      | Found a shimmering altar of Xom.
  2255 | D:3      | Reached XP level 5. HP: 33/48 MP: 4/4
  2436 | D:3      | Found a bloodstained altar of Trog.
  2683 | D:4      | Noticed Menkaure
  2689 | D:4      | Killed Menkaure
  2689 | D:4      | Reached XP level 6. HP: 57/58 MP: 5/5
  2829 | D:4      | Found a stormy altar of Qazlal.
  3057 | D:4      | Noticed Grinder
  3068 | D:4      | Killed Grinder
  3068 | D:4      | Reached XP level 7. HP: 66/66 MP: 6/6
  3181 | D:5      | Entered Level 5 of the Dungeon
  3395 | D:5      | Noticed Sigmund
  3518 | D:5      | Found a staircase to the Ecumenical Temple.
  3670 | D:5      | Noticed Terandir's ghost (novice MiFi)
  3692 | D:5      | Killed Terandir's ghost
  3692 | D:5      | Reached XP level 8. HP: 29/77 MP: 7/7
  3973 | D:5      | Found a transporter.
  4008 | D:5      | Found a transporter.
  4515 | D:6      | Found a sand-covered staircase.
  4527 | Ossuary  | Entered an ossuary
  4777 | Ossuary  | Reached *** piety under Trog
  4912 | D:6      | Noticed asdu's ghost (amateur SpEn)
  4944 | D:6      | Killed asdu's ghost
  5208 | D:6      | Found a white marble altar of Elyvilon.
  5438 | D:6      | Found an opulent altar of Gozag.
  5495 | D:6      | Reached skill level 10 in Fighting
  5624 | D:7      | Reached skill level 10 in Maces & Flails
  5770 | D:7      | Reached XP level 9. HP: 73/86 MP: 6/8
  5938 | D:7      | Found a sparkling altar of Nemelex Xobeh.
  6147 | D:7      | Reached **** piety under Trog
  6400 | D:7      | Identified a scroll of acquirement
  6901 | D:8      | Noticed Grum
  6929 | D:8      | Killed Grum
  8467 | D:9      | Noticed a two-headed ogre
  8479 | D:9      | Killed a two-headed ogre
  8479 | D:9      | Reached XP level 10. HP: 95/99 MP: 9/9
  8505 | D:9      | Received a gift from Trog
  8678 | D:10     | Entered Level 10 of the Dungeon
  8729 | D:10     | Noticed a centaur warrior
  9051 | D:10     | Found a staircase to the Orcish Mines.
  9067 | D:10     | Noticed Urug
  9097 | D:10     | Killed Urug
  9764 | D:10     | Killed a centaur warrior
  9768 | D:10     | Reached ***** piety under Trog
 10061 | D:10     | Noticed an obsidian statue
 10695 | D:10     | Reached XP level 11. HP: 85/110 MP: 8/10
 11024 | D:11     | Noticed a two-headed ogre
 11039 | D:11     | Killed a two-headed ogre
 11290 | D:11     | Noticed an eight-headed hydra
 11353 | Orc:1    | Entered Level 1 of the Orcish Mines
 11361 | Orc:1    | Noticed an orc sorcerer
 11366 | Orc:1    | Killed an orc sorcerer
 11439 | Orc:1    | Noticed an orc sorcerer
 11470 | Orc:1    | Paralysed by an orc sorcerer for 2 turns
 11475 | Orc:1    | Killed an orc sorcerer
 11652 | Orc:1    | Noticed an orc warlord
 11789 | D:11     | Noticed a red ugly thing
 11799 | D:11     | Killed a red ugly thing
 11799 | D:11     | Reached skill level 15 in Maces & Flails
 11801 | D:11     | Reached skill level 15 in Fighting
 12005 | D:11     | Noticed a two-headed ogre
 12022 | D:11     | Killed a two-headed ogre
 12244 | D:11     | Paralysed by a hornet for 3 turns
 12674 | D:11     | Killed an unseen horror
 12770 | D:11     | Found Idynkuor's Distillery.
 12779 | D:11     | Bought a potion of heal wounds for 70 gold pieces
 12779 | D:11     | Bought a potion of curing for 42 gold pieces
 12779 | D:11     | Bought a potion of curing for 42 gold pieces
 12819 | D:11     | Noticed a skeletal warrior
 12821 | D:11     | Noticed a skeletal warrior
 12823 | D:11     | Noticed feelmyfire's ghost (journeyman DEFE)
 12837 | D:11     | Killed a skeletal warrior
 12842 | D:11     | Killed an eight-headed hydra
 12842 | D:11     | Reached XP level 12. HP: 122/122 MP: 8/11
 12845 | D:11     | Received a gift from Trog
 12883 | D:11     | Found a staircase to the Lair.
 12967 | D:11     | Noticed a two-headed ogre
 13012 | D:11     | Killed a two-headed ogre
 13419 | D:11     | Killed feelmyfire's ghost
 14029 | Lair:1   | Entered Level 1 of the Lair of Beasts
 14042 | Lair:1   | Noticed a five-headed hydra
 14051 | Lair:1   | Killed a five-headed hydra
 14066 | Lair:1   | Noticed an eight-headed hydra
 14070 | Lair:1   | Killed an eight-headed hydra
 14468 | Lair:1   | Noticed Nergalle
 14483 | Lair:1   | Killed Nergalle
 14920 | Lair:2   | Noticed a death yak
 14923 | Lair:2   | Noticed a death yak
 14924 | Lair:2   | Noticed a death yak
 14937 | Lair:2   | Noticed a death yak
 14956 | Lair:1   | Killed a death yak
 14958 | Lair:1   | Killed a death yak
 14958 | Lair:1   | Reached XP level 13. HP: 78/133 MP: 12/12
 15782 | Lair:2   | Found a hole to the Spider Nest.
 16546 | Lair:2   | Gained mutation: You are robust. (+10% HP) [potion of mutation]
 16546 | Lair:2   | Gained mutation: You can translocate small distances at will. [potion of mutation]
 17185 | Lair:3   | Noticed Fannar
 17264 | Lair:3   | Killed Fannar
 17943 | Lair:4   | Found a staircase to the Swamp.
 18313 | Lair:5   | Reached ****** piety under Trog
 18873 | Lair:5   | Reached XP level 14. HP: 153/160 MP: 13/13
 19151 | Lair:5   | Got a scorched sapphire amulet
 19519 | Lair:6   | Entered Level 6 of the Lair of Beasts
 19796 | Lair:6   | Noticed Rupert
 19813 | Lair:6   | Killed Rupert
 19988 | Lair:6   | Received a gift from Trog
 19994 | Lair:6   | Got a bloodstained halberd {god gift}
 19995 | Lair:6   | Identified the +6 halberd of Hanosus {elec, +Inv rC+ Str+5} (Trog gifted it to you on level 6 of the Lair of Beasts)
 20223 | Lair:6   | Identified the amulet of Ycsaibri {+Blink +Rage rN+} (You found it on level 5 of the Lair of Beasts)
 20227 | Lair:6   | Got a fine plate armour
 20230 | Lair:6   | Identified the +3 plate armour "Caschuyg" {rC+ rCorr Str+3} (You found it on level 6 of the Lair of Beasts)
 20717 | Lair:6   | Reached skill level 5 in Armour
 20717 | Lair:6   | Reached skill level 5 in Dodging
 21180 | Lair:6   | Found a viscous altar of Jiyva.
 21181 | Lair:6   | Found a staircase to the Slime Pits.
 21746 | Orc:1    | Killed an orc warlord
 21872 | Orc:1    | Found a shimmering altar of Xom.
 22205 | Orc:2    | Entered Level 2 of the Orcish Mines
 22418 | Orc:2    | Noticed Maurice
 22528 | Orc:2    | Killed Maurice
 22528 | Orc:2    | Reached XP level 15. HP: 171/171 MP: 14/14
 22568 | Orc:2    | Found a roughly hewn altar of Beogh.
 22617 | Orc:2    | Found Irhy's Magic Scroll Boutique.
 22626 | Orc:2    | Received a gift from Trog
 23155 | Orc:2    | Found a staircase to the Elven Halls.
 23444 | Orc:2    | Found Hip Ock's Antique Armour Boutique.
 23445 | Orc:2    | Found Hiute's Assorted Antiques.
 23445 | Orc:2    | Found Gichyar's Book Emporium.
 23603 | Orc:2    | Noticed Donald
 23612 | Orc:2    | Killed Donald
 24161 | Swamp:1  | Entered Level 1 of the Swamp
 24731 | Swamp:1  | Got a faintly humming scale mail
 24759 | Swamp:1  | Identified the +0 scale mail of the Ditch-Digger {+Inv rN+ Int+7 Dex-4} (You found it on level 1 of the Swamp)
 25723 | Swamp:2  | Noticed a thorn hunter
 25745 | Swamp:2  | Killed a thorn hunter
 26654 | Swamp:2  | Got a crystal broad axe
 26664 | Swamp:2  | Identified the cursed +0 broad axe of the Tundras {chop, Int+5} (You found it on level 2 of the Swamp)
 27119 | Swamp:3  | Received a gift from Trog
 27988 | Swamp:3  | Reached skill level 10 in Armour
 27991 | Swamp:3  | Paralysed by a hornet for 3 turns
 28553 | Swamp:3  | Reached XP level 16. HP: 55/183 MP: 15/15
 28928 | Swamp:3  | Reached skill level 10 in Dodging
 29266 | Swamp:3  | Noticed a thorn hunter
 29671 | Spider:1 | Entered Level 1 of the Spider Nest
 29893 | Spider:1 | Noticed Kirke
 29970 | Spider:1 | Killed Kirke
 30947 | Spider:1 | Received a gift from Trog
 32464 | Spider:3 | Received a gift from Trog
 35471 | Spider:3 | Received a gift from Trog
 35486 | Spider:3 | Reached XP level 17. HP: 159/195 MP: 16/16
 35879 | Spider:4 | Entered Level 4 of the Spider Nest
 36601 | Spider:4 | Reached skill level 1 in Evocations
 36970 | Spider:4 | Received a gift from Trog
 38068 | Spider:4 | Got a gossamer rune of Zot
 38224 | Spider:4 | Reached skill level 5 in Evocations
 38888 | Swamp:4  | Entered Level 4 of the Swamp
 39710 | Swamp:4  | Received a gift from Trog
 39711 | Swamp:4  | Noticed a bone dragon
 39741 | Swamp:4  | Killed a bone dragon
 39741 | Swamp:4  | Reached XP level 18. HP: 138/207 MP: 21/21
 40467 | Swamp:4  | Got a decaying rune of Zot
 40851 | D:11     | Bought a potion of curing for 42 gold pieces
 40851 | D:11     | Bought a potion of haste for 140 gold pieces
 41594 | D:13     | Found a shattered altar of Ashenzari.
 41595 | D:13     | Noticed Erolcha
 41601 | D:13     | Killed Erolcha
 41602 | D:13     | Received a gift from Trog
 41626 | D:13     | Got a slimy marble ring
 41628 | D:13     | Identified the ring "Xed Duc" {-Tele rPois Str+5} (You found it on level 13 of the Dungeon)
 41810 | D:13     | Noticed Sonja
 41819 | D:13     | Killed Sonja
 41977 | D:13     | Found a gate to the Vaults.
 42896 | D:14     | Noticed Roxanne
 43122 | D:14     | Received a gift from Trog
 43725 | D:15     | Entered Level 15 of the Dungeon
 44363 | D:15     | Found a staircase to the Depths.
 44915 | Elf:1    | Entered Level 1 of the Elven Halls
 45675 | Elf:1    | Noticed a Brimstone Fiend
 45690 | Elf:1    | Received a gift from Trog
 46403 | Elf:2    | Found a runed gate.
 46403 | Elf:2    | Found a runed gate.
 46404 | Elf:2    | Found a runed gate.
 46421 | Elf:2    | Noticed Saint Roka
 46594 | Vaults:1 | Entered Level 1 of the Vaults
 46769 | Vaults:1 | Reached XP level 19. HP: 198/220 MP: 25/25
 46833 | Vaults:1 | Received a gift from Trog
 49460 | Vaults:2 | Reached skill level 15 in Dodging
 49681 | Vaults:1 | Received a gift from Trog
 49684 | Vaults:1 | Got a scorched great mace {god gift}
 49690 | Vaults:1 | Identified the +9 great mace of the Sneaky Deaths {crush, Int+2} (Trog gifted it to you on level 1 of the Vaults)
 50423 | Vaults:2 | Noticed a Tzitzimitl
 50445 | Vaults:2 | Reached XP level 20. HP: 199/233 MP: 26/26
 50494 | Vaults:2 | Received a gift from Trog
 50676 | Vaults:2 | Found Ocozo's Magic Scroll Emporium.
 50949 | Vaults:3 | Found a staircase to the Crypt.
 50949 | Vaults:3 | Found a basalt altar of Yredelemnul.
 50950 | Vaults:3 | Found an ancient bone altar of Kikubaaqudgha.
 51094 | Vaults:3 | Reached skill level 15 in Armour
 51465 | Vaults:3 | Found Risubbeo's Jewellery Shop.
 52419 | Vaults:3 | Received a gift from Trog
 52435 | Vaults:3 | Reached skill level 1 in Shields
 52629 | Vaults:3 | Reached skill level 27 in Fighting
 52977 | Vaults:2 | Reached XP level 21. HP: 176/245 MP: 27/27
 53336 | Vaults:3 | Found a portal to a secret trove of treasure.
 53561 | Vaults:3 | Reached skill level 5 in Shields
 54522 | Vaults:4 | Received a gift from Trog
 55360 | Vaults:4 | Received a gift from Trog
 56546 | Depths:1 | Entered Level 1 of the Depths
 56686 | Depths:1 | Found a one-way gate to the infinite horrors of the Abyss.
 56721 | Depths:1 | Found Saeth's Gadget Boutique.
 56723 | Depths:1 | Found Toerry's Jewellery Shoppe.
 56724 | Depths:1 | Found Fugyokh's Gadget Boutique.
 56735 | Depths:1 | Bought the ring "Loemis" {*Tele Str+4 Int+4} for 626 gold pieces
 56735 | Depths:1 | Bought the ring of Secrets {rC+ Str+3 Int+7 SInv} for 1144 gold pieces
 56784 | Depths:1 | Found a gateway to a ziggurat.
 57069 | Depths:1 | Paralysed by a vampire knight for 6 turns
 57293 | Depths:1 | Found a gateway to Hell.
 57567 | Depths:1 | Reached skill level 10 in Shields
 57649 | Depths:1 | Reached XP level 22. HP: 196/255 MP: 28/28
 58730 | Depths:1 | Identified the Collected Works on Evil
 59010 | Depths:2 | Found a one-way gate leading to the halls of Pandemonium.
 59463 | Depths:2 | Noticed Mara
 59502 | Depths:2 | Noticed fili's illusion
 59640 | Depths:2 | Noticed fili's illusion
 59662 | Depths:2 | Killed Mara
 60423 | Depths:2 | Received a gift from Trog
 61108 | Orc:2    | Bought a scroll of enchant weapon for 105 gold pieces
 61108 | Orc:2    | Bought a scroll of enchant armour for 105 gold pieces
 61108 | Orc:2    | Bought a scroll of teleportation for 42 gold pieces
 61108 | Orc:2    | Bought a scroll of teleportation for 42 gold pieces
 61111 | Orc:2    | Bought a scroll of fog for 58 gold pieces
 61404 | Depths:3 | Got a warped chain mail
 62155 | Depths:3 | Noticed a golden dragon
 62192 | Depths:3 | Killed a golden dragon
 62630 | Depths:3 | Identified the +1 chain mail of the Insatiable Places {rN+ Regen+ Int+2} (You found it on level 3 of the Depths)
 62855 | Depths:4 | Reached XP level 23. HP: 264/264 MP: 29/29
 62869 | Depths:4 | Found Huolie Ciova's Armour Shop.
 63081 | Depths:4 | Received a gift from Trog
 63244 | Depths:4 | Noticed a caustic shrike
 63246 | Depths:4 | Noticed a juggernaut
 63290 | Depths:3 | Killed a caustic shrike
 63290 | Depths:3 | Reached skill level 15 in Shields
 63460 | Depths:4 | Killed a juggernaut
 63783 | Depths:4 | Noticed a juggernaut
 63795 | Depths:4 | Killed a juggernaut
 63915 | Depths:4 | Got a bone hand axe
 63916 | Depths:4 | Identified the cursed +1 hand axe of Neurosis {pain, rN+ Str+3 Dex+2} (You found it on level 4 of the Depths)
 64032 | Depths:5 | Entered Level 5 of the Depths
 64039 | Depths:5 | Noticed Xtahua
 64040 | Depths:5 | Noticed the Enchantress
 64497 | Depths:4 | Killed the Enchantress
 64503 | Depths:4 | Paralysed by Xtahua for 7 turns
 64513 | Depths:4 | Killed Xtahua
 65018 | Depths:5 | Received a gift from Trog
 65467 | Depths:5 | Found a gate to the Realm of Zot.
 66433 | Depths:5 | Noticed Margery
 66443 | Depths:5 | Killed Margery
 66443 | Depths:5 | Reached XP level 24. HP: 272/273 MP: 29/29
 66567 | Depths:5 | Received a gift from Trog
 66831 | Depths:5 | Noticed a juggernaut
 66847 | Depths:5 | Killed a juggernaut
 68758 | Orc:2    | Bought a pair of glowing gloves for 217 gold pieces
 68760 | Orc:2    | Bought a scroll of recharging for 133 gold pieces
 69131 | Vaults:5 | Entered Level 5 of the Vaults
 69131 | Vaults:5 | Noticed Jorgrun
 69145 | Vaults:5 | Received a gift from Trog
 69149 | Vaults:4 | Killed Jorgrun
 70412 | Elf:2    | Killed Saint Roka
 71329 | Slime:1  | Entered Level 1 of the Pits of Slime
 72105 | Crypt:1  | Entered Level 1 of the Crypt
 72680 | Crypt:1  | Received a gift from Trog
 72712 | Crypt:1  | Reached XP level 25. HP: 242/282 MP: 29/29
 73375 | Crypt:2  | Noticed Mennas
 73409 | Crypt:2  | Killed Mennas
 74129 | Crypt:2  | Received a gift from Trog
 74674 | Crypt:2  | Got a pair of translucent boots
 74680 | Crypt:2  | Identified the +2 pair of boots "Ykaot" {rPois Str-2 Int+4} (You found it on level 2 of the Crypt)
 75109 | Vaults:5 | Received a gift from Trog
 75506 | Orc:2    | Bought a scroll of teleportation for 42 gold pieces
 76244 | Vaults:5 | Got a silver rune of Zot
 76293 | Vaults:5 | Received a gift from Trog
 76529 | Vaults:5 | Reached XP level 26. HP: 268/292 MP: 29/29
 77143 | Vaults:5 | Got an encrusted ring mail
 77518 | Vaults:5 | Identified the cursed +0 ring mail of Free Will {rElec rF+ Regen+ Dex-4} (You found it on level 5 of the Vaults)
 77733 | Vaults:5 | Got a pitted flail {speed}
 78591 | Zot:1    | Entered Level 1 of the Realm of Zot
 78606 | Zot:1    | Noticed an orb of fire
 78612 | Zot:1    | Gained mutation: Armour fits poorly on your strangely shaped body. [an orb of fire]
 78614 | Zot:1    | Gained mutation: You are very robust. (+20% HP) [an orb of fire]
 78620 | Depths:5 | Identified the cursed +1 flail of Corruption {speed, rElec Dex-2 SInv Stlth-} (You took it off a deep elf knight on level 5 of the Vaults)
 78690 | Depths:4 | Bought the +14 plate armour "Ypecweag" {-Cast rElec rF+++ rC-} for 2378 gold pieces
 78790 | Zot:1    | Killed an orb of fire
 78790 | Zot:1    | Received a gift from Trog
 80554 | Zot:2    | Reached skill level 27 in Armour
 80751 | Zot:2    | Received a gift from Trog
 82137 | Zot:3    | Reached XP level 27. HP: 319/327 MP: 29/29
 83128 | Zot:3    | Received a gift from Trog
 85973 | Zot:5    | Entered Level 5 of the Realm of Zot
 86112 | Zot:5    | Reached skill level 27 in Dodging
 86133 | Zot:5    | Reached skill level 10 in Evocations
 86171 | Zot:5    | Noticed an ancient lich
 86378 | Hell     | Entered the Vestibule of Hell
 86378 | Hell     | Noticed Geryon
 86425 | Hell     | Killed Geryon
 87038 | Vaults:3 | You paid a toll of the horn of Geryon to enter a treasure trove
 87039 | Trove    | Entered a treasure trove
 87198 | Vaults:2 | Received a gift from Trog
 87843 | Zot:5    | HP: 9/326 [deathcap/drain life[a curse toe] (8)]
 87844 | Zot:4    | Succumbed to a green draconian's poison gas

Skill      XL: |  1  2  3  4  5  6  7  8  9 10 11 12 13 14 15 16 17 18 19 20 21 22 23 24 25 26 27 |
---------------+----------------------------------------------------------------------------------+-----
Maces & Flails | 4 5 6 7 8 10 12 14 16 17 19 20 | 20.0
Fighting       | 4 5 6 7 8 10 12 14 15 17 19 20 21 22 23 24 26 27 | 27.0
Armour         | 6 10 12 13 14 16 18 20 22 24 26 27 | 27.0
Dodging        | 6 9 12 13 14 15 16 18 20 22 24 27 | 27.0
Evocations     | 6 9 11 | 11.6
Shields        | 3 10 14 17 18 | 18.0

Action                   |  1- 3 |  4- 6 |  7- 9 | 10-12 | 13-15 | 16-18 | 19-21 | 22-24 | 25-27 || total
-------------------------+-------+-------+-------+-------+-------+-------+-------+-------+-------++-------
Melee: Mace              |    77 |   112 |   318 |   226 |       |       |       |       |       ||   733
       Headbutt          |    17 |    21 |    78 |   128 |   296 |   377 |   432 |   620 |   734 ||  2703
       Dire flail        |       |       |       |   345 |   536 |       |    17 |       |       ||   898
       Great mace        |       |       |       |       |   330 |       |       |       |       ||   330
       Eveningstar       |       |       |       |       |   293 |  1574 |  1400 |   351 |       ||  3618
       Demon whip        |       |       |       |       |       |       |       |  1535 |  2115 ||  3650
 Fire: Arbalest          |       |       |       |    10 |     6 |       |       |       |       ||    16
Throw: Javelin           |       |       |       |       |     3 |       |       |     2 |       ||     5
Invok: Trog's Hand       |       |     2 |     1 |     3 |     4 |     9 |    23 |    16 |    16 ||    74
       Berserk           |       |     1 |     2 |     3 |     3 |       |     3 |     3 |     1 ||    16
       Brothers in Arms  |       |       |       |     1 |     6 |     6 |    15 |     8 |     5 ||    41
       Burn Spellbooks   |       |       |       |       |       |       |     2 |       |     7 ||     9
 Abil: Blink             |       |       |       |       |     3 |       |       |       |       ||     3
Evoke: Wand              |       |       |     3 |     1 |     5 |    15 |     5 |     5 |     7 ||    41
       Lamp of fire      |       |       |       |       |       |       |       |       |     1 ||     1
  Use: Scroll            |       |       |    14 |     4 |    11 |    10 |     5 |    24 |    12 ||    80
       Potion            |       |       |     9 |     3 |     5 |    12 |     1 |    15 |     2 ||    47
 Stab: Sleeping          |     1 |       |       |       |       |       |       |       |       ||     1
       Distracted        |       |       |       |       |     2 |       |       |       |       ||     2
       Confused          |       |       |       |       |       |     1 |       |       |     1 ||     2
  Eat: Chunk             |     3 |     5 |     9 |    22 |    31 |    16 |    32 |    30 |    16 ||   164
       Meat ration       |       |       |     1 |       |       |       |       |     1 |       ||     2
       Royal jelly       |       |       |     1 |       |     4 |    13 |       |     5 |     5 ||    28
       Bread ration      |       |       |     1 |       |       |     5 |     2 |     3 |     6 ||    17
       Fruit             |       |       |       |     4 |    13 |     6 |    11 |     5 |     6 ||    45
Armor: Animal skin       |     8 |       |       |       |       |       |       |       |       ||     8
       Ring mail         |    15 |    29 |       |       |       |       |       |       |       ||    44
       Chain mail        |       |    21 |   179 |   316 |   280 |       |       |       |       ||   796
       Plate armour      |       |       |       |       |   410 |  1213 |   729 |       |   114 ||  2466
       Swamp dragon scal |       |       |       |       |    20 |       |       |       |       ||    20
       Skin              |       |       |       |       |       |    26 |       |       |       ||    26
       Crystal plate arm |       |       |       |       |       |       |    20 |   416 |       ||   436
       Gold dragon scale |       |       |       |       |       |       |       |   185 |   393 ||   578
Dodge: Dodged            |    46 |    78 |   116 |   177 |   425 |   731 |   477 |   503 |   654 ||  3207
       Deflected         |       |       |       |       |       |    11 |    75 |    48 |    40 ||   174
Block: Buckler           |       |       |    11 |    25 |       |       |       |       |       ||    36
       Shield            |       |       |       |       |    96 |   656 |    16 |   754 |  1341 ||  2863
       Reflection        |       |       |       |       |       |    16 |       |    33 |    26 ||    75
       Large shield      |       |       |       |       |       |       |  1010 |   522 |       ||  1532
